 Dungeon Crawl Stone Soup version 0.31-a0-1603-gbec6b6ccbf (webtiles) character file.

Game seed: 8774287826837017304

1554263 Lobster4 the Merry Minotaur (level 27, 244/245 HPs)
             Began as a Minotaur Hunter on Jan 6, 2024.
             Was the Champion of Hepliaklqana.
             Escaped with the Orb
             ... and 3 runes on Jan 7, 2024!
             The game lasted 05:19:49 (83387 turns).

Lobster4 the Merry Minotaur (Minotaur Hunter)      Turns: 83387, Time: 05:19:49

Health: 244/245    AC: 26    Str: 23 (24) XL:     27
Magic:  39/39      EV: 23    Int: 15      God:    Hepliaklqana [******]
Gold:   4265       SH:  0    Dex: 28 (29) Spells: 31/53 levels left

rFire   + . .        a - +9 longbow (drain)
rCold   + . .        (shield currently unavailable)
rNeg    + . .        N - +5 scale mail {rF+}
rPois   +            D - +2 hat {Will+}
rElec   +            Q - +0 cloak of the Old World {Will+ SInv}
rCorr   +            C - +2 pair of gloves {Stlth+}
SInv    +            s - +2 pair of slick slippers {slick, slippery, EV+4}
Will    ++++.        O - amulet "Bianeff" {Faith rC+ Int+8 Dex+3}
Stlth   +            y - ring of Roytroygg {^Contam rElec rN+ Str+6 Int+3}
HPRegen 0.60/turn    j - ring "Qimepuj" {+Blink rPois rCorr Str+2}
MPRegen 0.26/turn

%: faith
@: studying Invocations
A: reduced essence, horns 2, retaliatory headbutt, dopey 1, weak 1, evolution 1
0: Orb of Zot
}: 3/15 runes: barnacled, slimy, gossamer
a: Renounce Religion, Evoke Blink, Recall Ancestor, Ancestor Identity,
Transference, Idealise


You escaped.
You worshipped Hepliaklqana.
Hepliaklqana was exalted by your worship.
You visited 12 branches of the dungeon, and saw 55 of its levels.
You visited 2 bazaars.
You also visited: Bailey.

You collected 9541 gold pieces.
You spent 5276 gold pieces at shops.

Inventory:

Hand Weapons
 a - a +9 longbow of draining (weapon)
 b - the +8 frozen axe "Frostbite" {freeze, freezing cloud, *Noise Fly rC+}
   (You found it on level 5 of the Lair of Beasts)

   rC+:       It protects you from cold.
   Fly:       It grants you flight.
   *Noise:    It may make a loud noise when swung.
 c - the +7 great mace "Firestarter" {flame, immolate, rFlCloud rF++}
   (You found it on level 3 of the Crypt)

   rFlCloud:  It grants immunity to clouds of flame.
   rF++:      It greatly protects you from fire.
 i - the +6 shortbow of Revolt {freeze, Int+4}
   (You bought it in a shop in a bazaar)

   Int+4:     It affects your intelligence (+4).
Armour
 f - the +1 pair of gloves "Epier" {rElec rN+ rCorr Dex-2}
   (You bought it in a shop in a bazaar)

   Dex-2:     It affects your dexterity (-2).
   rElec:     It insulates you from electricity.
   rN+:       It protects you from negative energy.
   rCorr:     It protects you from acid and corrosion.
 s - the +2 pair of slick slippers (worn) {slick, slippery, EV+4}
   (You acquired it on level 3 of the Lair of Beasts)

   Slick:     Its wearer cannot be constricted, engulfed, netted or webbed.
   Slippery:  Its wearer slips away from damaging melee attacks, pulling the
   attacker onward.
   EV+4:      It affects your evasion (+4).
 C - a +2 pair of gloves of stealth (worn)
 D - a +2 hat of willpower (worn)
 N - a +5 scale mail of fire resistance (worn)
 Q - the +0 cloak of the Old World (worn) {Will+ SInv}
   (You found it on level 4 of the Lair of Beasts)

   Will+:     It increases your willpower.
   SInv:      It lets you see invisible.
Jewellery
 d - the ring "Ishruitupn" {Fly rN+ Str+3}
   (You took it off an efreet on level 11 of the Dungeon)

   [ring of positive energy]

   Str+3:     It affects your strength (+3).
   rN+:       It protects you from negative energy.
   Fly:       It grants you flight.
 j - the ring "Qimepuj" (right hand) {+Blink rPois rCorr Str+2}
   (You took it off a tengu conjurer on level 11 of the Dungeon)

   [ring of poison resistance]

   Str+2:     It affects your strength (+2).
   rPois:     It protects you from poison +Blink: It lets you blink.
   rCorr:     It protects you from acid and corrosion.
 q - the ring "Ustry" {rCorr AC+4 Str+3}
   (You found it on level 3 of the Crypt)

   [ring of protection]

   AC+4:      It affects your AC (+4).
   Str+3:     It affects your strength (+3).
   rCorr:     It protects you from acid and corrosion.
 y - the ring of Roytroygg (left hand) {^Contam rElec rN+ Str+6 Int+3}
   (You took it off a tengu warrior on level 11 of the Dungeon)

   [ring of strength]

   Str+6:     It affects your strength (+6).
   Int+3:     It affects your intelligence (+3).
   rElec:     It insulates you from electricity.
   rN+:       It protects you from negative energy.
   ^Contam:   It causes magical contamination when unequipped.
 E - the ring of Incredulity {Fly rN++ rCorr SInv}
   (You found it on level 3 of the Crypt)

   [ring of flight]

   rN++:      It greatly protects you from negative energy.
   SInv:      It lets you see invisible.
   Fly:       It grants you flight.
   rCorr:     It protects you from acid and corrosion.
 M - the ring "Odit" {Wiz rC++}
   (You took it off a merfolk on level 4 of the Shoals)

   [ring of wizardry]

   Wiz:       It improves your spell success rate.
   rC++:      It greatly protects you from cold.
 O - the amulet "Bianeff" (around neck) {Faith rC+ Int+8 Dex+3}
   (You took it off a deep elf archer on level 2 of the Orcish Mines)

   [amulet of faith]

   Faith:     It allows you to gain divine favour quickly.
   Int+8:     It affects your intelligence (+8).
   Dex+3:     It affects your dexterity (+3).
   rC+:       It protects you from cold.
 P - the ring of the Rescuing Gods {+Blink rCorr Str+3 Dex-5 SInv}
   (You found it on level 2 of the Crypt)

   [ring of see invisible]

   Str+3:     It affects your strength (+3).
   Dex-5:     It affects your dexterity (-5).
   SInv:      It lets you see invisible.
   +Blink:    It lets you blink.
   rCorr:     It protects you from acid and corrosion.
 Z - a ring of protection from fire
Wands
 k - a wand of digging (9)
 w - a wand of mindburst (32)
 A - a wand of acid (4)
 L - a wand of iceblast (36)
Scrolls
 e - 11 scrolls of teleportation
 l - a scroll of silence
 n - 2 scrolls of blinking
 r - a scroll of revelation
 u - 2 scrolls of immolation
 F - 2 scrolls of enchant armour
 I - 3 scrolls of poison
 T - 8 scrolls of fear
 Y - 8 scrolls of fog
Potions
 g - a potion of magic
 h - 4 potions of haste
 m - 10 potions of brilliance
 o - 6 potions of enlightenment
 p - 9 potions of mutation
 t - a potion of cancellation
 x - 4 potions of berserk rage
 z - 16 potions of curing
 G - 6 potions of attraction
 H - 15 potions of heal wounds
 K - 8 potions of lignification
 U - 4 potions of invisibility
 V - 4 potions of resistance
 W - 12 potions of ambrosia
 X - 6 potions of might
Miscellaneous
 v - a condenser vane
 J - a box of beasts
 R - a lightning rod (4/4)
 S - a phantom mirror


   Skills:
 O Level 27 Fighting
 - Level 20.0(20.3) Axes
 - Level 6.4(15.0) Maces & Flails
 - Level 6.0(7.3) Staves
 O Level 27 Ranged Weapons
 - Level 20.0 Armour
 - Level 10.0 Dodging
 - Level 1.0 Stealth
 + Level 13.6 Spellcasting
 - Level 12.0 Conjurations
 - Level 8.0 Hexes
 - Level 6.0 Translocations
 - Level 5.0 Ice Magic
 - Level 5.0 Air Magic
 - Level 11.0 Invocations
 - Level 5.0 Evocations


You had 31 spell levels left.
You knew the following spells:

 Your Spells              Type           Power      Damage    Failure   Level
a - Teleport Other        Tloc           28%        N/A       3%          3
b - Dimensional Bullseye  Hex/Tloc       15%        N/A       6%          4
c - Slow                  Hex            100%       N/A       1%          1
d - Iskenderun's Mystic   Conj/Tloc      37%        2d9       2%          4
e - Sigil of Binding      Hex            34%        N/A       1%          3
f - Freezing Cloud        Conj/Ice/Air   16%        6-21      16%         5
x - Blink                 Tloc           56%        N/A       1%          2

Your spell library contained the following spells:

 Spells                   Type           Power      Damage    Failure   Level
 Foxfire                  Conj/Fire      100%       2x1d9     1%          1
 Freeze                   Ice            100%       1d10      1%          1
 Magic Dart               Conj           100%       1d8       1%          1
 Shock                    Conj/Air       100%       1d9       1%          1
 Sting                    Conj/Alch      100%       1d9       1%          1
 Ensorcelled Hibernation  Hex/Ice        58%        N/A       1%          2
 Jinxbite                 Hex            68%        N/A       1%          2
 Lesser Beckoning         Tloc           56%        N/A       1%          2
 Momentum Strike          Conj/Tloc      74%        3d10      1%          2
 Static Discharge         Conj/Air       70%        3-6/arc   1%          2
 Confusing Touch          Hex            34%        N/A       1%          3
 Dazzling Flash           Conj/Hex       80%        N/A       1%          3
 Hailstorm                Conj/Ice       35%        3d8       1%          3
 Tukima's Dance           Hex            34%        N/A       1%          3
 Iskenderun's Battlesphe  Conj           46%        2d10      2%          5
 Gell's Gravitas          Tloc           28%        N/A       3%          3
 Stone Arrow              Conj/Erth      56%        3d10      3%          3
 Frozen Ramparts          Ice            50%        1d8       4%          3
 Swiftness                Air            25%        N/A       4%          3
 Cause Fear               Hex            17%        N/A       4%          4
 Mercury Vapours          Alch/Air       34%        N/A       6%          2
 Cigotuvi's Dreadful Rot  Necr/Alch/Air  30%        N/A       9%          2
 Volatile Blastmotes      Fire/Tloc      38%        2d13      10%         3
 Brom's Barrelling Bould  Conj/Erth      28%        2d5       10%         4
 Flame Wave               Conj/Fire      28%        2d9       10%         4
 Fulminant Prism          Conj/Alch      14%        3d8       10%         4
 Passage of Golubria      Tloc           28%        N/A       10%         4
 Arcjolt                  Conj/Air       17%        1d27      10%         5
 Summon Small Mammal      Summ           40%        N/A       12%         1
 Summon Ice Beast         Ice/Summ       17%        N/A       12%         3
 Vhi's Electric Charge    Tloc/Air       52%        N/A       12%         4
 Airstrike                Air            12%        2d(2-18)  14%         4
 Call Imp                 Summ           20%        N/A       17%         2
 Scorch                   Fire           20%        2d5       17%         2
 Sublimation of Blood     Necr           10%        N/A       17%         2
 Anguish                  Hex/Necr       11%        N/A       22%         4
 Silence                  Hex/Air        14%        N/A       22%         5
 Fireball                 Conj/Fire      14%        3d8       26%         5
 Call Canine Familiar     Summ           10%        N/A       34%         3
 Passwall                 Erth           10%        N/A       34%         3
 Vampiric Draining        Necr           10%        2d6       34%         3
 Summon Lightning Spire   Summ/Air       17%        N/A       38%         4
 Conjure Ball Lightning   Conj/Air       17%        3x3d6     47%         6
 Summon Mana Viper        Hex/Summ       22%        N/A       52%         5
 Yara's Violent Unravell  Hex/Alch       11%        3d6       52%         5
 Orb of Destruction       Conj           23%        9d8       56%         7
 Summon Forest            Summ/Tloc      9%         N/A       67%         5
 Animate Armour           Summ/Erth      20%        N/A       75%         4
 Dispel Undead            Necr           10%        3d9       75%         4
 Ignite Poison            Fire/Alch      10%        N/A       75%         4
 Martyr's Knell           Necr/Summ      10%        N/A       75%         4
 Olgreb's Toxic Radiance  Alch           10%        N/A       75%         4
 Summon Blazeheart Golem  Fire/Summ      10%        N/A       75%         4
 Bombard                  Conj/Erth      14%        9d3       83%         6
 Dispersal                Tloc           14%        N/A       83%         6
 Starburst                Conj/Fire      14%        6d6       83%         6
 Alistair's Intoxication  Alch           6%         N/A       97%         5
 Borgnjor's Vile Clutch   Necr/Erth      5%         N/A       97%         5
 Lee's Rapid Deconstruct  Erth           5%         3d6*      97%         5
 Enfeeble                 Hex            17%        N/A       98%         7
 Plasma Beam              Fire/Air       8%         2x1d19    99%         6
 Sculpt Simulacrum        Ice/Alch       8%         N/A       99%         6
 Death Channel            Necr           5%         N/A       100%        6
 Eringya's Noxious Bog    Alch           5%         4d6       100%        6
 Summon Cactus Giant      Summ           5%         N/A       100%        6
 Haunt                    Necr/Summ      5%         N/A       100%        7
 Malign Gateway           Summ/Tloc      9%         N/A       100%        7
 Spellforged Servitor     Conj/Summ      14%        N/A       100%        7
 Summon Hydra             Summ           5%         N/A       100%        7
 Borgnjor's Revivificati  Necr           5%         N/A       100%        8
 Discord                  Hex            17%        N/A       100%        8
 Disjunction              Tloc           14%        N/A       100%        8
 Lehudib's Crystal Spear  Conj/Erth      14%        10d5      100%        8
 Maxwell's Capacitive Co  Air            12%        ∞         100%        8
 Summon Horrible Things   Summ           5%         N/A       100%        8
 Chain Lightning          Conj/Air       17%        3d23      100%        9
 Death's Door             Necr           5%         N/A       100%        9
 Dragon's Call            Summ           5%         N/A       100%        9
 Fire Storm               Conj/Fire      14%        8d4       100%        9
 Shatter                  Erth           5%         3d8*      100%        9


Dungeon Overview and Level Annotations

Branches:
Dungeon (15/15)            Temple (1/1) D:5            Lair (5/5) D:8
 Shoals (4/4) Lair:3       Spider (4/4) Lair:2        Slime (5/5) Lair:4
    Orc (2/2) D:9             Elf (3/3) Orc:2        Vaults (4/5) D:14
  Crypt (3/3) Vaults:2       Tomb (0/3) Crypt:3      Depths (4/4) D:15
    Zot (5/5) Depths:4     Bailey (visited)

Altars:
Ashenzari
Cheibriados
Dithmenos
Elyvilon
Fedhas
Gozag
Hepliaklqana
Kikubaaqudgha
Makhleb
Nemelex Xobeh
Okawaru
Qazlal
Ru
Sif Muna
Trog
Uskayaw
Vehumet
Wu Jian
Xom
Yredelemnul
Zin
The Shining One
Jiyva

Shops:
D:14 *   Orc:1 [   Orc:2 ([:[   Elf:1 [?*(   Elf:2 [*(   Elf:3 !   Vaults:1 [
Vaults:2 :   Vaults:4 ((*[   Depths:1 =::

Portals:
Hell: Depths:1 Depths:2 Depths:3 Depths:4
Abyss: Depths:3 Depths:4
Pandemonium: Depths:1 Depths:2
Ziggurat: Depths:3
Trove: Depths:3 (show abyssal rune of Zot)

Annotations:
Lair:5 exclusion: obsidian statue
Vaults:4 1 runed translucent door
Depths:1 1 runed door, exclusion: door
Zot:4 3 runed translucent doors, Ygyeth Femmu's ghost, veteran MiBe


Innate Abilities, Weirdness & Mutations

Your life essence is reduced to manifest your ancestor. (-10% HP)
You have a pair of horns on your head.
You reflexively headbutt those who attack you in melee.
You are dopey. (Int -2)
You are weak. (Str -2)
You have hidden genetic potential.


Message History

You climb upwards.
There is a stone staircase leading down here.
There is a stone staircase leading up here.
You climb upwards.
There is a stone staircase leading down here.
You swap places.
A glowing orange brain comes into view.
You shoot an arrow.
The arrow hits the glowing orange brain.
The glowing orange brain is lightly wounded.
You shoot an arrow.
The arrow hits the glowing orange brain!!
The glowing orange brain is heavily wounded.
You shoot an arrow.
The arrow hits the glowing orange brain!!
You kill the glowing orange brain!
You feel your dexterity returning.
You have reached level 27, the final one!
Your experience leads to an increase in your attributes!
Your base attributes are Str 18, Int 6, Dex 24.
Increase (S)trength, (I)ntelligence, or (D)exterity?
You feel agile. x2
Xochipepe remembers more of his old skill.
You swap places.
There is a stone staircase leading up here.
You climb upwards.
There is a stone staircase leading down here.
You swap places.
Xochipepe is no longer moving quickly.
There is an open door here.
You see here a +0 club.
Aiming: Dig
Press: ? - help, Shift-Dir - straight line A rock wall.
This square is covered in magical glow.
The rock shatters into small pieces.
An Ice Fiend comes into view.
The Ice Fiend moves out of view.
There is a staircase leading out of the dungeon here.
You have escaped!

##.###..#.....#..≈≈≈§§§≈§≈≈
........#####.#..≈≈§§§§≈≈≈≈
...#...######.....≈≈§≈≈≈≈≈≈≈§#
............#.#....≈≈§≈§≈≈≈≈≈#
.###.######.#.#....≈≈§§≈§≈≈≈≈#
...#.#....#.#.#....≈§≈§§≈§≈≈≈#
.#.#.#.##.#.#.#.....≈≈§≈≈≈≈§≈#
..)........>#.#.##..≈≈≈≈≈§≈§§#
...#)#.#..#.#.#.@#...≈≈≈≈§§§§#
.###.#[#..#.#.#.R.....≈≈.≈≈§§#
...#.#....#.#.#.####....≈§.≈≈#
.#.#.###..#.#...............≈#
.#.#...#.##.#..###1#.####...##
.#.###.#.##...............###
.#.# #.#...............####
.#.# #.###.............# ##.#
#.# #.............#


You could see the friendly Xochipepe the battlemage.

Vanquished Creatures
  the Royal Jelly (Slime:5)
  A dread lich (Zot:5)
  3 ancient liches
  2 orbs of fire (Zot:5)
  A juggernaut (Depths:2)
  Parghit (Depths:3)
  9 Killer Klowns
  A curse toe (Zot:5)
  Margery (Depths:2)
  3 golden dragons
  Jory (Vaults:3)
  A bone dragon (Crypt:3)
  5 electric golems
  Rupert (D:13)
  7 tentacled monstrosities
  15 Orb Guardians (Zot:5)
  A walking earthen tome (Depths:2)
  A titan (Zot:4)
  4 liches
  A searing wretch (Depths:2)
  3 deep elf blademasters
  6 sphinxes
  A deep elf master archer (Elf:3)
  4 quicksilver dragons
  Polyphemus (Shoals:3)
  14 acid blobs
  An Executioner (D:5)
  5 ancient champions
  Kirke (Lair:3)
  Agnes (Spider:4)
  Gastronok (Lair:3)
  2 death cobs (Zot:3)
  2 tengu reavers (Depths:3)
  2 revenants
  4 shadow dragons
  2 protean progenitors
  6 storm dragons
  3 draconian knights (Zot:1)
  3 draconian shifters
  12 rockslimes
  9 azure jellies
  A draconian monk (Zot:2)
  5 frost giants
  11 fire giants
  8 deep elf sorcerers
  8 emperor scorpions
  A curse skull (Crypt:2)
  5 ghost moths
  5 draconian scorchers
  8 vault wardens
  3 deep elf elementalists (Elf:3)
  3 ghouls
  An orc warlord (Vaults:3)
  8 quicksilver oozes
  2 reapers
  2 broodmothers
  3 draconian stormcallers
  A spriggan defender (Depths:4)
  4 ironbound thunderhulks
  8 ironbound preservers
  3 draconian annihilators
  2 formless jellyfish (Slime:2)
  14 stone giants
  8 vampire knights
  6 very ugly things
  5 green draconians
  12 white draconians
  6 black draconians
  4 deep elf death magi
  2 deep elf demonologists (Elf:3)
  3 yellow draconians
  2 bunyips (Zot:1)
  2 deep elf annihilators (Elf:3)
  A lorocyproca (Depths:2)
  3 minotaurs (Shoals:4)
  10 red draconians
  4 spark wasps
  A war gargoyle (Crypt:3)
  2 dire elephants
  13 purple draconians
  3 ettins
  A quicksilver dragon zombie (Crypt:3)
  Snorg (Orc:2)
  An eidolon (Crypt:2)
  A blizzard demon (Depths:1)
  A merfolk javelineer (Shoals:3)
  4 merfolk impalers
  2 entropy weavers
  9 yaktaur captains
  2 deep elf high priests
  6 fire dragons
  5 jiangshi
  Fannar (Orc:1)
  10 ice dragons
  Josephine (Lair:3)
  2 great orbs of eyes
  3 rakshasas
  6 hydras
  13 vault guards
  2 spriggan air magi
  9 ironbound frosthearts
  2 catoblepae
  15 centaur warriors
  A spriggan skeleton (Crypt:2)
  2 radroaches (Spider:4)
  2 ghost crabs (Crypt:3)
  4 two-headed ogres
  10 boulder beetles
  A jorogumo (Spider:2)
  2 death knights (Crypt:1)
  A merfolk aquamancer (Shoals:3)
  4 satyrs (Shoals:4)
  19 dancing weapons
  13 death yaks
  2 vampire magi (Crypt:1)
  A hell hog (Depths:3)
  2 deep troll shamans (Depths:2)
  5 deep troll earth magi
  2 orc high priests
  9 tengu warriors
  2 demonic crawlers
  3 occultists
  3 spriggan berserkers
  2 skysharks
  16 hell knights
  10 deep elf knights
  Sonja (D:10)
  8 soul eaters
  An emperor scorpion zombie (Crypt:2)
  A spriggan (Depths:4)
  2 pharaoh ants
  A shadow wraith (Crypt:2)
  7 iron trolls
  A sixfirhy (Zot:1)
  18 skeletal warriors
  The ghost of MisterAzrael the Champion of Chaos, a novice HOFi of Makhleb (D:10)
  3 flayed ghosts
  6 glowing orange brains
  8 orb spiders
  6 sea snakes
  2 sun moths (Spider:3)
  A bunyip zombie (Crypt:3)
  An orb spider (shapeshifter) (Vaults:1)
  42 deep trolls
  A bog body (Crypt:2)
  13 ironbound convokers
  8 arcanists
  10 deep elf archers
  9 orc knights
  6 steelbarb worms
  25 deep elf pyromancers
  12 necromancers
  3 lindwurms
  12 harpies
  2 iron dragon zombies
  8 phantasmal warriors
  14 ugly things
  5 orc sorcerers
  4 fauns
  20 deep elf zephyrmancers
  12 wolf spiders
  A jorogumo skeleton (Crypt:2)
  19 moths of wrath
  7 shining eyes
  9 cyclopes
  14 manticores
  5 meliai
  4 elephants
  3 merfolk sirens
  3 kobold blastminers (Orc:2)
  3 black mambas
  A formless jellyfish zombie (Crypt:2)
  A torpor snail (Spider:3)
  4 water nymphs
  13 cane toads
  15 vault sentinels
  A cane toad (shapeshifter) (D:15)
  3 eyes of devastation (Slime:5)
  2 smoke demons
  3 gargoyles
  2 efreet
  A sea snake zombie (Crypt:1)
  Jeremiah (D:6)
  25 yaktaurs
  2 hellions
  5 rime drakes
  5 komodo dragons
  4 freezing wraiths
  4 tengu conjurers
  3 polar bears
  2 guardian mummies (Crypt:3)
  A troll (shapeshifter) (Elf:1)
  10 trolls
  A harpy zombie (Crypt:2)
  A queen bee (D:12)
  A harpy skeleton (Crypt:2)
  A wind drake (Shoals:1)
  2 hellwings
  Prince Ribbit (D:5)
  11 tarantellas
  18 merfolk
  6 saltlings (Orc:2)
  4 hornets
  A spectral elephant (Lair:5)
  4 glass eyes
  A snapping turtle (shapeshifter) (Elf:3)
  7 blink frogs
  A satyr zombie (Crypt:2)
  An ettin zombie (Crypt:2)
  A glass eye (shapeshifter) (Vaults:1)
  A raiju (shapeshifter) (Elf:1)
  4 snapping turtles
  5 dream sheep
  An air elemental (Elf:3)
  2 centaur simulacra (D:14)
  17 jumping spiders
  54 slime creatures
  9 culicivoras
  A vampire (D:12)
  8 water elementals
  A ynoxinul (Depths:2)
  A jumping spider (shapeshifter) (D:11)
  8 wraiths
  3 shadows
  5 wyverns
  An ettin skeleton (Crypt:3)
  4 hogs (Lair:3)
  44 yaks
  Grum (D:9)
  A steam dragon (Lair:5)
  22 redbacks
  3 fire elementals (Elf:2)
  2 golden eyes (Slime:1)
  5 vampire mosquitoes
  3 basilisks
  6 humans (D:14)
  A warg (Orc:2)
  A chaos spawn (D:13)
  A glowing shapeshifter zombie (Vaults:3)
  4 acid dragons
  A culicivora (shapeshifter) (Vaults:4)
  14 water moccasins
  A black bear (shapeshifter) (D:11)
  Duvessa (D:7)
  18 orc warriors
  A sky beast (D:7)
  3 ice beasts (D:8)
  12 laughing skulls
  3 elephant zombies (Lair:5)
  8 ogres
  25 wolves
  A human skeleton (Vaults:3)
  20 centaurs
  2 elephant skeletons (Lair:5)
  5 boggarts
  A snapping turtle skeleton (Crypt:1)
  A kobold brigand (D:9)
  A warg zombie (Crypt:1)
  16 bullfrogs
  3 earth elementals
  2 necrophages (Crypt:2)
  A gnoll sergeant (D:12)
  2 scorpions
  9 wights
  Dowan (D:7)
  3 elephant simulacra (Lair:5)
  A human simulacrum (Vaults:3)
  22 killer bees
  6 howler monkeys
  6 electric eels
  A bombardier beetle (D:5)
  6 jellies
  A sleepcap (D:5)
  13 orc priests
  A jelly (shapeshifter) (D:15)
  2 iguanas
  A gnoll bouda (D:5)
  9 orc wizards
  A naga zombie (Crypt:1)
  An acid dragon skeleton (Crypt:1)
  6 mummies (Crypt:3)
  8 gnolls
  3 adders
  2 ufetubi (D:6)
  An adder skeleton (Crypt:1)
  An adder zombie (Crypt:1)
  A dart slug (D:4)
  2 ribbon worms
  68 orcs
  9 ball pythons
  11 endoplasms
  2 giant cockroaches
  11 goblins
  10 hobgoblins
  10 jackals
  7 kobolds
  6 quokkas
  3 bats
  5 frilled lizards
  3 rats
  2 aspiring fleshes (Zot:3)
  2 spectral weapons (Zot:5)
1679 creatures vanquished.

Vanquished Creatures (collateral kills)
  2 dread liches
  An ancient lich (Crypt:3)
  8 Killer Klowns
  4 curse toes
  5 golden dragons
  A Brimstone Fiend (D:6)
  7 tentacled monstrosities
  12 Orb Guardians
  A lich (Crypt:2)
  A Hell Sentinel (D:4)
  4 sphinxes (Vaults:3)
  A titan (Zot:4)
  4 death cobs
  6 acid blobs
  Roxanne (D:14)
  A tengu reaver (Depths:3)
  8 shadow dragons
  7 storm dragons
  Donald (Spider:3)
  6 azure jellies
  8 rockslimes
  A draconian monk (Zot:3)
  3 revenants
  A draconian knight (Zot:2)
  4 frost giants
  A deep elf sorcerer (Elf:1)
  A protean progenitor (Zot:3)
  A draconian scorcher (Zot:5)
  6 fire giants
  3 ghost moths
  3 vault wardens
  5 draconian shifters
  2 curse skulls
  A reaper (D:4)
  A deep elf elementalist (Elf:3)
  An orc warlord (Vaults:3)
  A cacodemon (Zot:1)
  3 quicksilver oozes
  2 draconian annihilators
  6 ghouls
  7 ironbound preservers
  5 very ugly things
  An ironbound thunderhulk (Vaults:1)
  3 vampire knights
  2 draconian stormcallers
  2 formless jellyfish
  2 deep elf demonologists
  5 stone giants
  3 deep elf death magi
  2 caustic shrike skeletons (Crypt:3)
  2 green draconians
  A purple draconian (Zot:5)
  3 red draconians
  3 black draconians
  3 deep elf annihilators
  3 dire elephants (Lair:5)
  2 war gargoyles (Crypt:3)
  A spark wasp (Depths:2)
  3 yellow draconians
  4 jiangshi
  A merfolk javelineer (Shoals:2)
  3 eidola (Crypt:1)
  4 ettins
  A blizzard demon (Depths:1)
  3 merfolk impalers
  An entropy weaver (Spider:4)
  4 fire dragons
  A deep elf high priest (Elf:3)
  4 great orbs of eyes
  6 ice dragons
  5 vault guards
  A merfolk avatar (Shoals:2)
  A ghost crab (Crypt:3)
  A rakshasa (Depths:1)
  5 spriggan air magi
  4 death knights
  An ironbound frostheart (Vaults:4)
  2 spriggan skeletons (Crypt:3)
  8 boulder beetles
  2 jorogumos
  2 merfolk aquamancers (Shoals:4)
  A centaur warrior (Vaults:2)
  2 satyrs
  3 two-headed ogres
  4 deep troll earth magi (Depths:2)
  A deep troll shaman (Depths:3)
  A radroach (Spider:4)
  A two-headed ogre (shapeshifter) (Vaults:1)
  14 dancing weapons
  6 tengu warriors
  5 death yaks
  4 spriggan berserkers
  A vampire mage (Depths:3)
  An occultist (Depths:4)
  2 soul eaters
  A storm dragon zombie (Crypt:2)
  2 deep elf knights
  6 hell knights
  A titan skeleton (Crypt:3)
  A shadow wraith (Crypt:2)
  2 pharaoh ants
  A sixfirhy (Zot:1)
  2 skysharks
  12 skeletal warriors
  3 iron trolls
  An anaconda zombie (Crypt:3)
  8 deep trolls
  4 sea snakes
  2 flayed ghosts
  An arcanist (Vaults:1)
  7 orb spiders
  A spectral anaconda (Lair:5)
  A deep elf archer (Orc:2)
  A glowing orange brain (Slime:5)
  2 phantasmal warriors
  A steelbarb worm (shapeshifter) (Vaults:1)
  A sun moth (Spider:4)
  4 necromancers
  3 ironbound convokers
  A lindwurm (Vaults:4)
  5 deep elf zephyrmancers
  8 harpies
  6 deep elf pyromancers
  4 wolf spiders
  3 orc knights (Orc:2)
  8 ugly things
  2 orc sorcerers
  A shining eye (Slime:5)
  9 manticores
  An iron dragon skeleton (Crypt:3)
  4 fauns
  3 cyclopes
  4 dire elephant zombies
  9 moths of wrath
  3 merfolk sirens
  5 elephants
  3 water nymphs (Shoals:4)
  A dire elephant skeleton (Lair:5)
  4 vault sentinels
  A meliai (Spider:3)
  A black mamba (Lair:1)
  A smoke demon (Depths:2)
  A centaur zombie (Crypt:2)
  An unseen horror (D:11)
  2 torpor snails
  2 gargoyles (Crypt:3)
  A hellion (D:10)
  8 cane toads
  3 efreet
  3 komodo dragons
  A human zombie (Vaults:3)
  2 freezing wraiths
  4 yaktaurs
  A guardian mummy (Crypt:3)
  18 merfolk
  2 harpy zombies
  A tengu conjurer (D:11)
  3 trolls
  A polar bear (Lair:4)
  3 blink frogs
  A wolf spider simulacrum (D:13)
  A glass eye (Slime:5)
  3 saltlings (Orc:2)
  7 tarantellas
  2 snapping turtles
  A hydra skeleton (Crypt:2)
  A blink frog (shapeshifter) (Elf:3)
  2 dream sheep
  37 slime creatures
  A spectral elephant (Lair:5)
  3 shadows (Crypt:3)
  5 jumping spiders
  2 air elementals
  11 culicivoras
  29 yaks
  A black mamba skeleton (Crypt:2)
  5 fire dragon skeletons (Crypt:3)
  2 water elementals
  3 wraiths
  3 hogs (Lair:3)
  2 wyverns
  A human (shapeshifter) (D:14)
  A warg (Orc:2)
  3 basilisks
  11 humans (D:14)
  23 redbacks
  A vampire mosquito (D:14)
  2 death yak simulacra (Lair:5)
  A harpy simulacrum (Crypt:2)
  5 acid dragons
  A spectral cane toad (Lair:5)
  A naga skeleton (Crypt:3)
  3 water moccasins
  A swamp drake (Lair:5)
  10 orc warriors
  An elephant zombie (Lair:5)
  3 laughing skulls
  4 wolves
  A boggart (D:15)
  4 ogres
  8 centaurs
  5 bullfrogs
  A necrophage (Crypt:1)
  A scorpion (Lair:1)
  2 earth elementals
  A wight (D:6)
  A water moccasin zombie (Crypt:1)
  An elephant simulacrum (Lair:5)
  11 killer bees
  2 howler monkeys (D:9)
  A crimson imp (D:5)
  A bombardier beetle (D:9)
  A jelly (D:8)
  4 orc priests
  11 orc wizards
  An ogre skeleton (Crypt:1)
  2 mummies (Crypt:3)
  A swamp drake zombie (Crypt:2)
  A shadow imp (D:7)
  16 orcs
  A kobold (D:9)
  A goblin (D:9)
  An aspiring flesh (Zot:3)
  2 butterflies (Lair:1)
786 creatures vanquished.

Vanquished Creatures (others)
  A deep elf knight (Elf:2)
  A redback (Spider:4)
  An ogre (Zot:4)
  122 battlemagi
  An orc wizard (Orc:2)
  11 ancestors
137 creatures vanquished.

Grand Total: 2602 creatures vanquished

Notes
Turn   | Place    | Note
-------+----------+-------------------------------------------
     0 | D:1      | Lobster4 the Minotaur Hunter began the quest for the Orb.
     0 | D:1      | Reached XP level 1. HP: 18/18 MP: 0/0
   111 | D:1      | Reached skill level 1 in Stealth
   143 | D:1      | Reached XP level 2. HP: 23/25 MP: 1/1
   401 | D:1      | Reached skill level 1 in Armour
   819 | D:2      | Reached XP level 3. HP: 30/30 MP: 2/2
  1465 | D:2      | Reached skill level 5 in Ranged Weapons
  2101 | D:3      | Found an ornate altar of the Wu Jian Council.
  2207 | D:3      | Reached XP level 4. HP: 38/38 MP: 3/3
  2834 | D:4      | Found an opulent altar of Gozag.
  2836 | D:4      | Noticed a scorpion
  3008 | D:4      | Reached XP level 5. HP: 43/45 MP: 4/4
  3451 | D:5      | Entered Level 5 of the Dungeon
  3472 | D:5      | Found a glowing silver altar of Zin.
  3512 | D:5      | Noticed Prince Ribbit
  3763 | D:5      | Found a staircase to the Ecumenical Temple.
  3774 | Temple   | Found a transporter.
  3774 | Temple   | Found a transporter.
  3774 | Temple   | Found a transporter.
  3774 | Temple   | Found a transporter.
  3774 | Temple   | Entered the Ecumenical Temple
  3787 | Temple   | Became a worshipper of Hepliaklqana the Forgotten
  3921 | D:5      | Found a bloodstained altar of Trog.
  3942 | D:5      | Reached XP level 6. HP: 52/52 MP: 5/5
  4141 | D:5      | Reached skill level 1 in Invocations
  4141 | D:5      | Reached skill level 1 in Evocations
  4336 | D:5      | Found a shadowy altar of Dithmenos.
  4538 | D:6      | Reached XP level 7. HP: 59/59 MP: 6/6
  4592 | D:6      | Found a white marble altar of Elyvilon.
  4701 | D:6      | Noticed Jeremiah
  4834 | D:6      | Reached skill level 5 in Fighting
  4941 | D:5      | Killed Prince Ribbit
  4942 | D:5      | Reached XP level 8. HP: 58/69 MP: 8/8
  5275 | D:6      | Found a burning altar of Makhleb.
  5275 | D:6      | Noticed a blizzard demon
  5411 | D:6      | Identified the +3 quarterstaff of Efaj {freeze, Will+ rCorr
                  | Stlth-}
  5451 | D:7      | Reached * piety under Hepliaklqana
  5551 | D:7      | Noticed Duvessa
  5554 | D:7      | Noticed Dowan
  5561 | D:7      | Killed Duvessa
  5565 | D:7      | Killed Dowan
  5566 | D:7      | Reached skill level 1 in Staves
  5668 | D:7      | Noticed a gargoyle
  6234 | D:7      | Found a radiant altar of Vehumet.
  6393 | D:7      | Reached XP level 9. HP: 70/70 MP: 11/11
  6472 | D:7      | Killed a gargoyle
  6612 | D:7      | Found a sacrificial altar of Ru.
  6931 | D:6      | Killed Jeremiah
  7386 | D:8      | Reached skill level 10 in Ranged Weapons
  7404 | D:8      | Reached skill level 5 in Invocations
  7644 | D:8      | Noticed a rime drake
  7644 | D:8      | Noticed a polar bear
  7679 | D:8      | Reached skill level 5 in Staves
  7684 | D:8      | Killed a polar bear
  7864 | D:8      | Killed a rime drake
  7865 | D:8      | Reached XP level 10. HP: 79/79 MP: 12/12
  8007 | D:8      | Found a staircase to the Lair.
  8224 | D:9      | Found an ancient bone altar of Kikubaaqudgha.
  8268 | D:9      | Noticed Grum
  8278 | D:9      | Killed Grum
  8357 | D:9      | Found a flagged portal.
  8423 | Bailey   | Entered a bailey
  9047 | Bailey   | Reached skill level 10 in Fighting
  9377 | D:9      | Found a staircase to the Orcish Mines.
  9440 | D:9      | Reached ** piety under Hepliaklqana
  9441 | D:9      | Remembered your ancestor Xochipepe as a battlemage
  9504 | D:9      | Found a sparkling altar of Nemelex Xobeh.
  9678 | D:9      | Reached XP level 11. HP: 89/90 MP: 13/13
  9725 | D:9      | Found a shimmering blue altar of Sif Muna.
 10041 | D:9      | Found a snail-covered altar of Cheibriados.
 10176 | D:10     | Entered Level 10 of the Dungeon
 10176 | D:10     | Noticed a two-headed ogre
 10176 | D:10     | Noticed an orc knight
 10177 | D:10     | Noticed an orc sorcerer
 10220 | D:10     | Noticed Sonja
 10229 | D:10     | Killed Sonja
 10421 | D:10     | Found a runed translucent gate.
 10421 | D:10     | Found a runed translucent gate.
 10421 | D:10     | Found a runed translucent gate.
 10621 | D:10     | Killed an orc sorcerer
 10640 | D:10     | Killed an orc knight
 10691 | D:10     | Killed a two-headed ogre
 10935 | D:10     | Noticed MisterAzrael's ghost (novice HOFi)
 10987 | D:11     | Reached *** piety under Hepliaklqana
 11090 | D:11     | You fall into a shaft and drop 3 floors!
 11157 | D:14     | Noticed a centaur warrior
 11173 | D:14     | Killed a centaur warrior
 11174 | D:14     | Reached skill level 5 in Armour
 11374 | D:14     | Reached skill level 15 in Ranged Weapons
 11376 | D:14     | Noticed a centaur warrior
 11384 | D:14     | Killed a centaur warrior
 11636 | D:14     | Noticed a centaur warrior
 11644 | D:14     | Reached XP level 12. HP: 77/100 MP: 15/15
 11650 | D:14     | Killed a centaur warrior
 11954 | D:14     | Noticed a boulder beetle
 11962 | D:14     | Killed a boulder beetle
 11968 | D:14     | Noticed a boulder beetle
 11973 | D:14     | Killed a boulder beetle
 12246 | D:12     | Found a flickering gateway to a bazaar.
 12260 | Bazaar   | Entered a bazaar
 12299 | Bazaar   | Found Tyfriywi's Distillery.
 12314 | Bazaar   | Found Veruckeu's Distillery.
 12342 | Bazaar   | Found Gisow's Distillery.
 12351 | Bazaar   | Found Xukig's Antique Weapon Emporium.
 12389 | Bazaar   | Found Amoroim's General Store.
 12426 | Bazaar   | Bought an ichor-stained sling for 188 gold pieces
 12426 | Bazaar   | Identified the +0 sling "Impbane" {antimagic, rC+ rCorr
                  | Str-3 Dex+3} (You bought it in a shop in a bazaar)
 12456 | Bazaar   | Bought a potion of heal wounds for 55 gold pieces
 12465 | Bazaar   | Bought a potion of heal wounds for 65 gold pieces
 12474 | Bazaar   | Bought a scroll of fear for 40 gold pieces
 12474 | Bazaar   | Bought a potion of invisibility for 80 gold pieces
 12492 | Bazaar   | Bought a potion of resistance for 110 gold pieces
 12501 | Bazaar   | Bought a potion of ambrosia for 104 gold pieces
 12519 | Bazaar   | Bought a potion of might for 68 gold pieces
 12543 | Bazaar   | Bought a potion of lignification for 33 gold pieces
 12543 | Bazaar   | Bought a potion of lignification for 33 gold pieces
 12543 | Bazaar   | Bought a potion of lignification for 33 gold pieces
 12561 | Bazaar   | Bought a scroll of teleportation for 30 gold pieces
 12570 | Bazaar   | Bought a potion of lignification for 39 gold pieces
 12922 | D:11     | Noticed a two-headed ogre
 12945 | D:11     | Killed a two-headed ogre
 13079 | D:11     | Noticed a two-headed ogre
 13131 | D:11     | Killed a two-headed ogre
 13201 | D:11     | Noticed a two-headed ogre
 13300 | D:11     | Killed a two-headed ogre
 13551 | D:11     | Noticed a death knight
 13551 | D:11     | Noticed a boulder beetle
 13590 | D:11     | Killed a death knight
 13591 | D:11     | Reached XP level 13. HP: 86/109 MP: 17/17
 13979 | D:11     | Identified the ring "Ishruitupn" {Fly rN+ Str+3}
 13993 | D:11     | Identified the ring of Roytroygg {^Contam rElec rN+ Str+6
                  | Int+3}
 14157 | D:11     | Identified the ring "Oreipiogh" {Fly rF- rC+ Str+6}
 14257 | D:11     | Identified the ring "Qimepuj" {+Blink rPois rCorr Str+2}
 14394 | Lair:1   | Entered Level 1 of the Lair of Beasts
 14424 | Lair:1   | Reached **** piety under Hepliaklqana
 15256 | Lair:2   | Found a hole to the Spider Nest.
 15428 | Lair:2   | Reached skill level 1 in Spellcasting
 16230 | Lair:3   | Noticed Gastronok
 16320 | Lair:3   | Killed Gastronok
 16323 | Lair:3   | Reached skill level 10 in Armour
 16459 | Lair:3   | Reached XP level 14. HP: 118/118 MP: 18/18
 16532 | Lair:3   | Reached skill level 5 in Evocations
 16707 | Lair:3   | Noticed Kirke
 16738 | Lair:3   | Killed Kirke
 16799 | Lair:3   | Found a staircase to the Shoals.
 16999 | Lair:3   | Reached ***** piety under Hepliaklqana
 17254 | Lair:3   | Noticed Josephine
 17263 | Lair:3   | Killed Josephine
 17282 | Lair:3   | Identified a scroll of acquirement
 17283 | Lair:3   | Acquired the +2 pair of slick slippers {slick, slippery,
                  | EV+4}
 17283 | Lair:3   | Found the +2 pair of slick slippers {slick, slippery, EV+4}
 17553 | Lair:4   | Reached skill level 15 in Fighting
 17753 | Lair:4   | Found a staircase to the Slime Pits.
 17754 | Lair:4   | Found a viscous altar of Jiyva.
 17933 | Lair:4   | Identified the +1 dagger "Ciaci" {spect, rN+}
 17977 | Lair:4   | Identified the +0 cloak of the Old World {Will+ SInv}
 18658 | Lair:5   | Entered Level 5 of the Lair of Beasts
 18676 | Lair:4   | Reached skill level 5 in Dodging
 19320 | Lair:5   | Reached XP level 15. HP: 128/128 MP: 19/19
 19783 | Lair:5   | Found the +8 frozen axe "Frostbite" {freeze, freezing
                  | cloud, *Noise Fly rC+}
 20888 | Orc:1    | Entered Level 1 of the Orcish Mines
 20957 | Orc:1    | Found Anweh's Antique Armour Emporium.
 20969 | Orc:1    | Reached skill level 1 in Axes
 21052 | Orc:1    | Noticed Fannar
 21071 | Orc:1    | Killed Fannar
 21390 | Orc:2    | Entered Level 2 of the Orcish Mines
 22039 | Orc:2    | Found Vohyw's Book Shoppe.
 22062 | Orc:2    | Found Zuyll's Armour Shoppe.
 22136 | Orc:2    | Found Yjaizaph's Armour Boutique.
 22162 | Orc:2    | Reached ****** piety under Hepliaklqana
 22236 | Orc:2    | Found a staircase to the Elven Halls.
 22256 | Orc:2    | Noticed Snorg
 22263 | Orc:2    | Killed Snorg
 22551 | Orc:2    | Found Iczerama's Antique Weapon Shoppe.
 22846 | Orc:2    | Bought a +3 scale mail of fire resistance for 364 gold
                  | pieces
 22891 | Orc:2    | Bought a glowing orcbow for 201 gold pieces
 23598 | Orc:2    | Bought a +2 pair of gloves of stealth for 258 gold pieces
 23902 | D:12     | Reached skill level 5 in Axes
 24402 | D:13     | Noticed Rupert
 24415 | D:13     | Killed Rupert
 24436 | D:13     | Identified the +3 leather armour "Ifutoc" {rF- Str+2 SInv}
 24746 | D:14     | Noticed Roxanne
 24796 | D:14     | Found Umitzits's Demolitions Depot.
 24946 | D:14     | Reached XP level 16. HP: 139/139 MP: 20/20
 25311 | D:14     | Found a gate to the Vaults.
 25824 | D:15     | Entered Level 15 of the Dungeon
 26489 | D:15     | Found a staircase to the Depths.
 26823 | Spider:1 | Entered Level 1 of the Spider Nest
 29103 | Spider:3 | Noticed Donald
 29118 | Spider:3 | Killed Donald
 29611 | Spider:3 | Reached XP level 17. HP: 148/148 MP: 22/22
 30094 | Spider:4 | Entered Level 4 of the Spider Nest
 30094 | Spider:4 | Noticed Agnes
 30106 | Spider:4 | Killed Agnes
 32063 | Spider:4 | Reached skill level 10 in Axes
 33054 | Spider:4 | Got a gossamer rune of Zot
 33476 | D:5      | Found a staircase to the Ecumenical Temple.
 33530 | D:5      | Found a glowing silver altar of Zin.
 33593 | D:5      | Found a bloodstained altar of Trog.
 33768 | D:5      | Found a shadowy altar of Dithmenos.
 34146 | D:10     | Killed MisterAzrael's ghost
 34263 | Elf:1    | Entered Level 1 of the Elven Halls
 35148 | Elf:1    | Identified the amulet "Bianeff" {Faith rC+ Int+8 Dex+3}
 35523 | Elf:1    | Got Xoaxzath's Lessons on Conjuration
 35568 | Elf:1    | Found Hupyan's Magic Scroll Boutique.
 35575 | Elf:1    | Bought a scroll of acquirement for 572 gold pieces
 35575 | Elf:1    | Bought a scroll of poison for 44 gold pieces
 35575 | Elf:1    | Bought a scroll of poison for 44 gold pieces
 35575 | Elf:1    | Bought a scroll of fog for 44 gold pieces
 35575 | Elf:1    | Bought a scroll of teleportation for 33 gold pieces
 35631 | Orc:2    | Acquired a manual of Armour
 35728 | Elf:1    | Found Byhesudd's Weapon Shoppe.
 35749 | Elf:1    | Found Riaxirch's Assorted Antiques.
 35777 | Elf:1    | Reached XP level 18. HP: 134/160 MP: 23/23
 35939 | Elf:1    | Found Uroenab's Armour Boutique.
 36692 | Elf:2    | Learned a level 2 spell: Blink
 37136 | Elf:2    | Found Unuhopan's Armour Boutique.
 37139 | Elf:2    | Found Xidoem Jya's General Store.
 37141 | Elf:2    | Found Ezue's Weapon Boutique.
 37240 | Elf:2    | Reached skill level 1 in Translocations
 37340 | Elf:2    | Found a runed translucent gate.
 37341 | Elf:2    | Found a runed translucent gate.
 37341 | Elf:2    | Found a runed translucent gate.
 37673 | Elf:3    | Entered Level 3 of the Elven Halls
 37887 | Elf:3    | Found Xeligy's Distillery.
 37892 | Elf:3    | Bought a potion of heal wounds for 80 gold pieces
 38506 | Elf:3    | Identified the ring "Joruod" {rC- EV+5 Dex+4 Stlth+}
 39999 | Elf:3    | Identified the +1 hand axe of Hichuj {elec, rN+ Dex+2}
 40126 | Elf:3    | Identified the ring of Nobility {MP+9 Int+3}
 40382 | Elf:3    | Got the Incunable of Altered Interference
 40420 | Elf:3    | Upgraded the game from 0.31-a0-1591-g515db51633 to
                  | 0.31-a0-1603-gbec6b6ccbf
 40711 | Shoals:1 | Entered Level 1 of the Shoals
 40936 | Shoals:1 | Learned a level 3 spell: Teleport Other
 41781 | Shoals:2 | Reached skill level 1 in Hexes
 41781 | Shoals:2 | Reached XP level 19. HP: 168/168 MP: 24/24
 42285 | Shoals:2 | Identified the +8 sling of Xufaat {drain, Str+4 Int+5}
 42463 | Shoals:3 | Noticed Polyphemus
 42479 | Shoals:3 | Killed Polyphemus
 43153 | Shoals:3 | Found a runed translucent door.
 43389 | Shoals:4 | Entered Level 4 of the Shoals
 44408 | Shoals:4 | Got the Octavo of the Mob
 44410 | Shoals:4 | Identified the ring "Jast" {rC+ Int+5}
 44410 | Shoals:4 | Identified the ring "Odit" {Wiz rC++}
 44984 | Shoals:4 | Got a barnacled rune of Zot
 45016 | Shoals:4 | Identified the +5 trident "Lopryll" {freeze, rElec rF+ rC+}
 45308 | Shoals:3 | Identified the ring "Bazia" {Fly rElec SInv}
 45353 | Shoals:3 | Acquired a manual of Invocations
 45602 | D:14     | Bought a manual of Conjurations for 1360 gold pieces
 45634 | D:14     | Killed Roxanne
 46034 | Elf:2    | Reached skill level 1 in Conjurations
 46513 | Elf:2    | Reached skill level 15 in Armour
 47226 | Vaults:1 | Entered Level 1 of the Vaults
 47582 | Vaults:1 | Reached XP level 20. HP: 175/178 MP: 25/25
 47791 | Vaults:1 | Identified the +0 chain mail "Inydut Cihy" {rC- Str+3
                  | Int+3}
 48028 | Vaults:1 | Found Coeva's Armour Shoppe.
 48264 | Vaults:1 | You fall into a shaft and drop 1 floor!
 48386 | Vaults:2 | Found Dafuv's Book Shoppe.
 48594 | Vaults:1 | Identified the ring of Ryekuwke {Str+3 Int-3 SInv}
 49350 | Vaults:2 | Reached skill level 5 in Spellcasting
 49497 | Vaults:2 | Reached skill level 10 in Invocations
 50083 | Vaults:2 | Found a staircase to the Crypt.
 50091 | Vaults:2 | Reached skill level 27 in Ranged Weapons
 50095 | Vaults:2 | Reached skill level 5 in Conjurations
 50432 | Vaults:3 | Noticed Jory
 50459 | Vaults:3 | Killed Jory
 50526 | Vaults:3 | Found a flickering gateway to a bazaar.
 50532 | Bazaar   | Entered a bazaar
 50534 | Bazaar   | Found Xijesede's Antique Weapon Boutique.
 50538 | Bazaar   | Found Anyn's Antique Weapon Boutique.
 50538 | Bazaar   | Found Kolouc's Antique Armour Boutique.
 50539 | Bazaar   | Found Bogo's Antique Armour Boutique.
 50554 | Bazaar   | Bought a pair of brightly glowing gloves for 313 gold
                  | pieces
 50554 | Bazaar   | Identified the +1 pair of gloves "Epier" {rElec rN+ rCorr
                  | Dex-2} (You bought it in a shop in a bazaar)
 50559 | Bazaar   | Bought a translucent shortbow for 192 gold pieces
 50559 | Bazaar   | Identified the +6 shortbow of Revolt {freeze, Int+4} (You
                  | bought it in a shop in a bazaar)
 50564 | Bazaar   | Bought a fine robe for 108 gold pieces
 50564 | Bazaar   | Identified the +0 robe "Doneximi" {*Corrode Fly Dex+5} (You
                  | bought it in a shop in a bazaar)
 50564 | Bazaar   | Bought a pair of runed gloves for 142 gold pieces
 50569 | Bazaar   | Bought an ancient glaive for 368 gold pieces
 50569 | Bazaar   | Identified the +10 glaive of Boduidu {venom, ^Fragile rN+
                  | Int+7 Dex-3} (You bought it in a shop in a bazaar)
 50574 | Bazaar   | Bought a runed scale mail for 133 gold pieces
 51643 | Vaults:3 | Reached XP level 21. HP: 186/186 MP: 27/27
 52219 | Vaults:4 | Reached skill level 15 in Axes
 53201 | Vaults:4 | Found a runed translucent door.
 53203 | Vaults:4 | Found the +5 glaive of the Guard {elec, spectral}
 53483 | Vaults:4 | Found Mojer's Armour Boutique.
 53738 | Vaults:4 | Found Diplabom's Antique Weapon Boutique.
 53756 | Vaults:4 | Found Woash's Assorted Antiques.
 53867 | Vaults:4 | Found Xuuwiuqi's Weapon Boutique.
 54481 | Depths:1 | Entered Level 1 of the Depths
 54679 | Depths:1 | Found Neetar's Book Boutique.
 54700 | Depths:1 | Found Impa's Jewellery Emporium.
 54701 | Depths:1 | Found Cuklyuna's Book Boutique.
 54874 | Depths:1 | Found a gateway to Hell.
 54874 | Depths:1 | Found a one-way gate leading to the halls of Pandemonium.
 55128 | Depths:1 | Found a stormy altar of Qazlal.
 55586 | Depths:1 | Found a runed door.
 56216 | Depths:2 | Identified the +2 scale mail of the Blind Marksman {*Slow
                  | Regen+ Str-5 Int+8}
 56396 | Depths:2 | Identified the +8 demon trident of Maenymnu {flame, Dex+3}
 56474 | Depths:2 | Reached XP level 22. HP: 78/199 MP: 30/30
 56501 | Depths:2 | Reached skill level 10 in Conjurations
 56761 | Depths:2 | Noticed Margery
 56787 | Depths:2 | Killed Margery
 57050 | Depths:2 | Identified the +3 morningstar of the Pharaoh's Fist {speed,
                  | Dex+7}
 57463 | Depths:2 | Learned a level 4 spell: Iskenderun's Mystic Blast
 57754 | Depths:2 | Noticed a golden dragon
 57764 | Depths:2 | Noticed a golden dragon
 57802 | Depths:2 | Noticed a juggernaut
 58772 | Depths:3 | Noticed Parghit
 58992 | Depths:3 | Noticed a golden dragon
 59001 | Depths:3 | Killed a golden dragon
 59368 | Depths:3 | Found a one-way gateway to a ziggurat.
 59376 | Depths:3 | Found a broken altar of Ashenzari.
 59502 | Depths:3 | Killed Parghit
 59834 | Depths:3 | Found a one-way gate to the infinite horrors of the Abyss.
 59989 | Depths:3 | Found a portal to a secret trove of treasure.
 60145 | Depths:3 | Identified the +4 demon trident of the Horn {freeze, *Noise
                  | rPois Will+++ Stlth-}
 60210 | Depths:4 | Entered Level 4 of the Depths
 61104 | Depths:4 | Reached XP level 23. HP: 212/212 MP: 32/32
 61530 | Depths:4 | Found a gate to the Realm of Zot.
 61876 | Crypt:1  | Entered Level 1 of the Crypt
 62296 | Crypt:1  | Learned a level 4 spell: Dimensional Bullseye
 63396 | Crypt:2  | Reached skill level 27 in Fighting
 63967 | Crypt:2  | Identified the ring of the Rescuing Gods {+Blink rCorr
                  | Str+3 Dex-5 SInv}
 64938 | Crypt:3  | Entered Level 3 of the Crypt
 65444 | Crypt:3  | Identified the ring of Cuiwy {rN+ MP+9}
 65444 | Crypt:3  | Identified the ring of the Blushing Gods {rC- rN+ Str+4
                  | Int+2}
 65723 | Crypt:3  | Identified the ring of Incredulity {Fly rN++ rCorr SInv}
 65732 | Crypt:3  | Identified the +1 robe "Xuin" {Harm rC+ Regen+}
 65748 | Crypt:3  | Noticed a dread lich
 65754 | Crypt:3  | Killed a dread lich
 66152 | Crypt:3  | Found the +7 great mace "Firestarter" {flame, immolate,
                  | rFlCloud rF++}
 66170 | Crypt:3  | Identified the +8 scale mail of Patterns {MP+9}
 66442 | Crypt:3  | Reached skill level 5 in Translocations
 66762 | Crypt:3  | Reached XP level 24. HP: 224/224 MP: 34/34
 66803 | Crypt:3  | Learned a level 1 spell: Slow
 66898 | Crypt:3  | Found a staircase to the Tomb.
 67039 | Crypt:3  | Identified the ring "Ustry" {rCorr AC+4 Str+3}
 67055 | Crypt:3  | Noticed an ancient lich
 67061 | Crypt:3  | Killed an ancient lich
 67062 | Crypt:3  | Reached skill level 5 in Hexes
 67088 | Crypt:3  | Learned a level 5 spell: Freezing Cloud
 67561 | Slime:1  | Entered Level 1 of the Pits of Slime
 67909 | Slime:1  | Gained mutation: Your spells are a little easier to cast,
                  | but a little less powerful. [a shining eye]
 67928 | Slime:1  | Reached skill level 1 in Air Magic
 67931 | Slime:1  | Gained mutation: Armour fits poorly on your strangely
                  | shaped body. [a shining eye]
 67932 | Slime:1  | Reached skill level 1 in Ice Magic
 70194 | Slime:5  | Entered Level 5 of the Pits of Slime
 70480 | Slime:4  | Reached skill level 10 in Dodging
 70576 | Slime:5  | Noticed the Royal Jelly
 71062 | Slime:5  | Killed the Royal Jelly
 71245 | Slime:5  | Identified the +5 short sword "Concordance" {elec, rF++}
 71248 | Slime:5  | Identified the +1 scale mail of Henotheism {rElec rC-
                  | Stlth+}
 71307 | Slime:5  | Found the amulet of the Air {Inacc Air Fly rElec RMsl}
 71316 | Slime:5  | Got a slimy rune of Zot
 71329 | Slime:5  | Identified the amulet of Entrepreneurial Spirit {Acrobat
                  | rPois Str+3 Slay+5}
 71377 | Slime:5  | Identified the +6 quarterstaff "Vugeg" {venom, ^Drain Fly
                  | Will- SInv}
 71381 | Slime:5  | Identified the ring "Kusat" {rN+ Str+6}
 71975 | Elf:2    | Bought a scroll of enchant weapon for 142 gold pieces
 72388 | Depths:2 | Killed a juggernaut
 72605 | Depths:2 | Reached skill level 10 in Spellcasting
 72769 | Zot:1    | Entered Level 1 of the Realm of Zot
 73796 | Zot:1    | Reached XP level 25. HP: 225/231 MP: 33/36
 74877 | Zot:3    | Noticed an ancient lich
 74888 | Zot:3    | Killed an ancient lich
 74896 | Zot:3    | Noticed a Killer Klown
 74897 | Zot:3    | Noticed a Killer Klown
 74897 | Zot:3    | Noticed a Killer Klown
 74897 | Zot:3    | Noticed a Killer Klown
 76208 | Zot:3    | Killed a Killer Klown
 76250 | Zot:3    | Noticed a Killer Klown
 76263 | Zot:3    | Killed a Killer Klown
 76300 | Zot:3    | Killed a Killer Klown
 76840 | Zot:3    | Killed a Killer Klown
 77006 | Zot:3    | Noticed a Killer Klown
 77015 | Zot:3    | Killed a Killer Klown
 77066 | Zot:3    | Killed a Killer Klown
 77291 | Zot:4    | Reached skill level 5 in Ice Magic
 77292 | Zot:4    | Reached skill level 5 in Air Magic
 78307 | Zot:4    | Learned a level 3 spell: Sigil of Binding
 78406 | Zot:4    | Found a runed translucent gate.
 78407 | Zot:4    | Found a runed translucent gate.
 78408 | Zot:4    | Found a runed translucent gate.
 78409 | Zot:4    | Noticed Ygyeth Femmu's ghost (veteran MiBe)
 78832 | Zot:4    | Reached XP level 26. HP: 188/239 MP: 37/37
 79339 | Zot:5    | Entered Level 5 of the Realm of Zot
 80232 | Zot:5    | Noticed an ancient lich
 80249 | Zot:5    | Killed an ancient lich
 80314 | Zot:5    | Noticed an orb of fire
 80323 | Zot:5    | Gained mutation: Your health recovers twice as slowly from
                  | being drained. [an orb of fire]
 80327 | Zot:5    | Killed an orb of fire
 80689 | Zot:5    | Reached skill level 1 in Maces & Flails
 80739 | Zot:5    | Noticed a dread lich
 80854 | Zot:5    | Killed a dread lich
 81368 | Zot:5    | Reached skill level 5 in Maces & Flails
 81418 | Zot:5    | Noticed a dread lich
 81423 | Zot:5    | Killed a dread lich
 81806 | Zot:5    | Noticed an orb of fire
 81811 | Zot:5    | Gained mutation: You occasionally lose the ability to drink
                  | potions when taking damage. [an orb of fire]
 81970 | Zot:5    | Lost mutation: You occasionally lose the ability to drink
                  | potions when taking damage. [potion of mutation]
 81970 | Zot:5    | Lost mutation: Your health recovers twice as slowly from
                  | being drained. [potion of mutation]
 81970 | Zot:5    | Gained mutation: You have large cloven feet. [potion of
                  | mutation]
 81970 | Zot:5    | Gained mutation: You possess an exceptional clarity of
                  | mind. [potion of mutation]
 82039 | Zot:5    | Gained mutation: You have hidden genetic defects. [an orb
                  | of fire]
 82205 | Zot:5    | Noticed an ancient lich
 82210 | Zot:5    | Killed an orb of fire
 82217 | Zot:5    | Killed an ancient lich
 82666 | Zot:5    | Lost mutation: Your spells are a little easier to cast, but
                  | a little less powerful. [potion of mutation]
 82666 | Zot:5    | Lost mutation: You have large cloven feet. [potion of
                  | mutation]
 82667 | Zot:5    | Lost mutation: Armour fits poorly on your strangely shaped
                  | body. [potion of mutation]
 82667 | Zot:5    | Lost mutation: You have hidden genetic defects. [potion of
                  | mutation]
 82667 | Zot:5    | Lost mutation: You possess an exceptional clarity of mind.
                  | [potion of mutation]
 82667 | Zot:5    | Gained mutation: You are weak. (Str -2) [potion of
                  | mutation]
 82667 | Zot:5    | Gained mutation: You are dopey. (Int -2) [potion of
                  | mutation]
 82667 | Zot:5    | Gained mutation: You have hidden genetic potential. [potion
                  | of mutation]
 82688 | Zot:5    | Got the Orb of Zot
 83249 | D:5      | Noticed Ryanyrpha the pandemonium lord
 83341 | D:2      | Reached XP level 27. HP: 216/245 MP: 39/39
 83387 | D:$      | Escaped with the Orb!

Illustrated notes

Levels and vault maps discovered:
D:1:      dpeg_arrival_lava_altar, layout_basic, st_stairs_7
D:2:      layout_loops_corners, minmay_puff
D:3:      layout_basic, nicolae_wu_jian_wuxing_cycle
D:4:      layout_rooms, grunt_gozag_statues
D:5:      layout_basic, nicolae_overflow_crystal_walls,
          mainiacjoe_overflow_paths, mainiacjoe_overflow_catwalk,
          minmay_temple_entry_butterflies, uniq_prince_ribbit1
D:6:      layout_basic, lemuel_round_altar, makhleb_altar_promises_db,
          serial_curves, eino_curves_03, eino_curves_04, uniq_jeremiah
D:7:      minmay_chambers_of_sixes, layout_loops_ring,
          nicolae_ru_the_path_less_chosen, kennysheep_mini, st_stairs_7,
          uniq_duvessa
D:8:      layout_loops_ring, hellmonk_lair_entry_icy
D:9:      layout_basic, slow_altar_2, mainiacjoe_overflow_alcove_1,
          kennysheep_mini_moat, nemelex_altar_shiori, david_orc_3,
          enter_bailey_3, uniq_grum
D:10:     layout_cave_pools, gammafunk_ghost_spectres, uniq_sonja
D:11:     minmay_the_grid_triangle_9x9_rhombus_thin
          [minmay_the_grid_triangle_9x9_shrine,
          minmay_the_grid_triangle_9x9_prize_special,
          minmay_the_grid_triangle_9x9_limited_checkers,
          minmay_the_grid_triangle_9x9_checkered], layout_basic,
          kennysheep_generic_room_6
D:12:     layout_roguey [special_room_bee], serial_shops, bzr_entry_gold
D:13:     layout_long_grid, uniq_rupert
D:14:     minmay_ambush_box, layout_basic, grunt_vaults_entry_tiered,
          hangedman_decor_peaks_small, nicolae_blasting_shop, feat_on_display,
          uniq_roxanne
D:15:     grunt_enter_depths_hoard, layout_rooms, serial_bayou_pond_b
Temple:   hellmonk_temple_divided_pantheon
Lair:1:   layout_gridlike, beast_lair_carwin_4, grunt_megastairs_3,
          infiniplex_staircase_pool, lemuel_fruit_fields
Lair:2:   layout_chaotic_city, hellmonk_spider_entry_life_and_decay
Lair:3:   layout_regular_city, elwin_shoals_entry_stream, nzn_random_ring,
          grunt_megastairs_4, uniq_gastronok, uniq_kirke, uniq_josephine
Lair:4:   layout_cave_pods, nicolae_slime_entry_slimehenge
Lair:5:   due_jungle_book, layout_loops_ring, chequers_serial_rivers_micro_a,
          guppyfry_lair_drakes
Shoals:1: layout_shoals
Shoals:2: layout_shoals
Shoals:3: nicolae_shoals_offshore_bank_account, layout_shoals,
          nicolae_shoals_lost_giant_pillars, uniq_polyphemus
Shoals:4: shoals_end_hellmonk_lost_city
Spider:1: layout_spider_delve, nicolae_spider_nook
Spider:2: layout_cave_pods
Spider:3: layout_spider_delve, hangedman_spider_tarantella_strand, uniq_donald
Spider:4: spider_rune_water, uniq_agnes
Slime:1:  layout_caves
Slime:2:  layout_caves
Slime:3:  layout_caves, nicolae_slime_phagocytosis
Slime:4:  cheibrodos_slime_lost_civilization_2, layout_caves,
          nicolae_slime_crime_time
Slime:5:  slime_pit_nicolae_amoeboid
Orc:1:    layout_diamond_mine, serial_shops, nicolae_shop_advertising_works
          [nicolae_subvault_shop_adworks], uniq_fannar
Orc:2:    hellmonk_orc_salted, layout_caves, basic_altar, uniq_snorg
Elf:1:    minmay_elf_arrival_circle, layout_loops_cross, serial_shops,
          nicolae_shop_bloodbath_and_beyond, shop_fountains, shop, shop,
          minmay_elf_annihilation
Elf:2:    nicolae_elf_blades_splatter_lattice [nicolae_blade_tridents],
          layout_geoelf_octagon, minmay_shop_star
Elf:3:    minmay_elf_hall_dome, layout_geoelf_octagon, serial_shops,
          nicolae_shop_hallway_plus
Vaults:1: nicolae_vaults_network_star, serial_ice_m,
          ontoclasm_vaults_ring_large, nicolae_vaults_network_quinsquares
          [nicolae_vaults_network_quincunx_subvault,
          nicolae_vaults_network_quincunx_subvault,
          nicolae_vaults_network_quincunx_subvault,
          nicolae_vaults_network_quincunx_subvault], vaults_room_hallway,
          nicolae_vaults_loss_of_containment, nicolae_vaults_house_3,
          nicolae_vaults_trapezoid_layered, hangedman_vaults_locks,
          nicolae_vaults_cochlea, nicolae_vaults_closet_pinwheel_3,
          nicolae_vaults_network_square, layout_vaults_maze_bifur, serial_shops,
          nicolae_shop_mannequins
Vaults:2: vaults_dpeg_cross, nicolae_vaults_turnstiles, v_misc_33,
          nicolae_vaults_storage_closets_1, hangedman_vaults_nails,
          minmay_crypt_entry_simple_round, hangedman_vaults_river_flow,
          v_misc_23, nicolae_vaults_sesquioval_fish, nicolae_vaults_house_1,
          v_misc_25, nicolae_vaults_antechamber_and_loot_room, vaults_dpeg_ring,
          layout_vaults_omnibox, serial_shops, shop
Vaults:3: hangedman_vaults_trim, ontoclasm_vaults_decontamination,
          nicolae_vaults_three_branches, v_misc_9, vaults_dpeg_spiral,
          minmay_orc_keep, nicolae_vaults_double_plus_1, v_alt_pattern_5,
          v_misc_10, vaults_room_hallway, layout_vaults_quadrants, serial_shops,
          bzr_entry_safe, uniq_jory
Vaults:4: nicolae_vaults_weapon_check, nicolae_vaults_yaktaur_gun_rack,
          nicolae_vaults_double_plus_3, nicolae_vaults_sealed_display,
          ontoclasm_vaults_ring_square, v_misc_23, ontoclasm_vaults_misaligned,
          ontoclasm_vaults_shuriken, nicolae_vaults_oozy_zoo,
          layout_vaults_chaotic_city, serial_shops, nicolae_shop_rolling_square,
          shop, nicolae_shop_window_shopping, nicolae_shop_gibbet_a_chance
Crypt:1:  layout_gridlike, grunt_megastairs_5
Crypt:2:  layout_gridlike, grunt_ministairs_15, nicolae_crypt_crumbling_hall
Crypt:3:  quadcrypt_mu
Depths:1: evilmike_wizard_prison, layout_gridlike, rand_demon_pan_entry_1,
          hell_entry, serial_corexii_hall, corexii_hall_statues_i,
          chequers_hall_statues_wall_a, kennysheep_small_spiral,
          grunt_qazlal_clouds, minmay_shop_grove
Depths:2: minmay_spiral_squares, layout_gridlike, nicolae_water_bricks,
          grunt_metal_band, grunt_pan_entry_in_and_out, minivault_12,
          minmay_staircase_windowed_small, serial_bayou_shore_b
Depths:3: minmay_connected_boxes_in_corner, layout_basic, enter_ziggurat_a,
          nicolae_trove_entry_diagonal, abyss_entry, hellmouth_1,
          cheibrodos_ashenzari_chains, uniq_parghit
Depths:4: grunt_zot_entry_alcove, layout_cross,
          nicolae_abyss_entry_one_way_or_another, pf_coc_iceberg,
          minmay_misc_feat_five, grunt_ministairs_9
Zot:1:    layout_twisted_circle
Zot:2:    layout_cellular_growth, skrybe_zot_glass_2,
          regret_index_zotdec_glowing_original
Zot:3:    ebering_greatest_show_in_zot, layout_onion_interference,
          regret_index_zotdec_banners
Zot:4:    lemuel_halls_of_wrath, layout_basic, gammafunk_ghost_ooze,
          uniq_josephina
Zot:5:    layout_gridlike

Skill      XL: |  1  2  3  4  5  6  7  8  9 10 11 12 13 14 15 16 17 18 19 20 21 22 23 24 25 26 |
---------------+-------------------------------------------------------------------------------+-----
Stealth        | 1 |  1.0
Armour         | 1 2 3 4 5 8 10 13 15 16 17 18 19 20 | 20.0
Ranged Weapons | 5 6 7 9 10 13 15 16 18 20 21 23 24 25 26 27 | 27.0
Fighting       | 3 4 5 6 8 10 11 13 14 15 17 18 19 20 21 22 23 26 27 | 27.0
Dodging        | 3 4 5 7 8 10 | 10.0
Invocations    | 1 2 4 5 6 7 8 10 11 | 11.0
Evocations     | 1 2 3 4 5 |  5.0
Staves         | 3 5 6 |  6.0
Spellcasting   | 2 3 4 5 6 7 8 10 11 13 | 13.6
Axes           | 5 9 10 11 12 14 15 16 17 18 20 | 20.0
Translocations | 3 5 6 |  6.0
Hexes          | 1 3 4 5 6 8 |  8.0
Conjurations   | 2 5 9 11 12 | 12.0
Air Magic      | 3 5 |  5.0
Ice Magic      | 3 5 |  5.0
Maces & Flails | 6 |  6.4

Action                     |  1- 3 |  4- 6 |  7- 9 | 10-12 | 13-15 | 16-18 | 19-21 | 22-24 | 25-27 || total
---------------------------+-------+-------+-------+-------+-------+-------+-------+-------+-------++-------
  Melee: Quarterstaff      |       |       |     7 |       |       |       |       |       |       ||     7
         Executioner's axe |       |       |       |       |       |    29 |    83 |    27 |    53 ||   192
         Headbutt          |       |       |       |       |       |     8 |    29 |     9 |    12 ||    58
   Fire: Shortbow          |   132 |   212 |   212 |       |       |       |       |       |       ||   556
         Orcbow            |       |       |    69 |   704 |  1478 |  1660 |   566 |       |       ||  4477
         Longbow           |       |       |       |       |       |       |   910 |  1875 |   934 ||  3719
  Throw: Dart              |       |       |       |     4 |     1 |       |       |       |       ||     5
   Cast: Iskenderun's Myst |       |       |       |       |       |       |       |    13 |     1 ||    14
         Dimensional Bulls |       |       |       |       |       |       |       |     4 |     9 ||    13
         Slow              |       |       |       |       |       |       |       |     1 |       ||     1
         Freezing Cloud    |       |       |       |       |       |       |       |       |     1 ||     1
 Invoke: Recall Ancestor   |       |       |     1 |     3 |     1 |     7 |     6 |     4 |     7 ||    29
         Ancestor Life: Ba |       |       |       |     1 |       |       |       |       |       ||     1
         Idealise          |       |       |       |       |       |     1 |       |     1 |       ||     2
  Evoke: Wand              |       |       |       |     3 |     2 |     1 |     3 |     1 |     3 ||    13
         Box of beasts     |       |       |       |     1 |     2 |     1 |       |       |       ||     4
         Lightning rod     |       |       |       |       |       |       |       |     3 |       ||     3
         Phantom mirror    |       |       |       |       |       |       |       |     1 |       ||     1
         Condenser vane    |       |       |       |       |       |       |       |       |     1 ||     1
    Use: Scroll            |       |     4 |    12 |    19 |     9 |    11 |    19 |    13 |     8 ||    95
         Potion            |       |     1 |     1 |     3 |     1 |     7 |     4 |     2 |     9 ||    28
   Stab: Distracted        |       |       |       |       |       |       |     1 |       |       ||     1
 Armour: Leather armour    |    20 |    35 |       |       |       |       |       |       |       ||    55
         Ring mail         |       |    69 |    83 |   179 |     7 |       |       |       |       ||   338
         Acid dragon scale |       |       |       |       |   150 |       |       |       |       ||   150
         Scale mail        |       |       |       |       |    39 |   474 |   354 |   411 |   239 ||  1517
  Dodge: Dodged            |    25 |    84 |    87 |   151 |   250 |   411 |   339 |   318 |   223 ||  1888

Table legend: (Time is in decaauts)
 A = Elapsed time spent in this place.
 B = Non-inter-level travel time spent in this place.
 C = Inter-level travel time spent in this place.
 D = Time resting spent in this place.
 E = Time spent auto-exploring this place.
 F = Levels seen in this place.
 G = Mean time per level.
                   A        B        C        D        E       F      G
               +--------+--------+--------+--------+--------+-----+--------+
         Total |  81998 |  74019 |   7979 |  19552 |  36489 |  58 | 1413.8 |
       Dungeon |  19270 |  16666 |   2604 |   3244 |   9550 |  15 | 1284.7 |
        Temple |     31 |     24 |      7 |      0 |      0 |   1 |   31.0 |
          Lair |   6577 |   5685 |    892 |    827 |   3573 |   5 | 1315.4 |
        Shoals |   4682 |   4374 |    308 |    996 |   2015 |   4 | 1170.5 |
   Spider Nest |   6281 |   5987 |    294 |   2228 |   2623 |   4 | 1570.2 |
    Slime Pits |   4087 |   3666 |    421 |    795 |   1875 |   5 |  817.4 |
  Orcish Mines |   3308 |   2388 |    920 |    864 |   1142 |   2 | 1654.0 |
   Elven Halls |   6677 |   6098 |    579 |   2213 |   2260 |   3 | 2225.7 |
        Vaults |   7171 |   6725 |    446 |   1418 |   4054 |   4 | 1792.8 |
         Crypt |   4992 |   4557 |    435 |   1016 |   1886 |   3 | 1664.0 |
        Depths |   7713 |   7053 |    660 |   2161 |   3156 |   4 | 1928.2 |
           Zot |   9872 |   9461 |    411 |   3519 |   4003 |   5 | 1974.4 |
        Bazaar |    387 |    387 |      0 |      0 |    147 |   2 |  193.5 |
        Bailey |    945 |    945 |      0 |    268 |    201 |   1 |  945.0 |
               +--------+--------+--------+--------+--------+-----+--------+

Top non-repeatable levels by time:
   Zot:5: 3215 daAuts
Depths:2: 3130 daAuts
   Elf:3: 2757 daAuts
   Orc:2: 2509 daAuts
    D:14: 2508 daAuts
   Elf:2: 2358 daAuts
     D:5: 2106 daAuts
Depths:3: 2104 daAuts
Spider:3: 2073 daAuts
 Crypt:3: 2057 daAuts
Spider:4: 1960 daAuts
   Zot:2: 1929 daAuts
Vaults:4: 1920 daAuts
  Lair:5: 1901 daAuts
Vaults:3: 1901 daAuts
